 Dungeon Crawl Stone Soup version 0.31-a0-246-g8cbcc1cb85 (webtiles) character file.

Game seed: 18390585315361244615

632 Dittersdorf the Trooper (level 7, -1/44 HPs)
             Began as a Gargoyle Fighter on July 12, 2023.
             Was a Follower of Okawaru.
             Slain by a killer bee (2 damage)
             ... on level 5 of the Dungeon.
             The game lasted 00:06:08 (3315 turns).

Dittersdorf the Trooper (Gargoyle Fighter)          Turns: 3315, Time: 00:06:09

Health: -1/44      AC: 14    Str: 21    XL:     7   Next: 49%
Magic:  7/7        EV:  9    Int:  9    God:    Okawaru [*.....]
Gold:   277        SH:  4    Dex:  9    Spells: 6/6 levels left

rFire   . . .        a - +0 flail
rCold   + . .        c - +0 buckler
rNeg    + . .        b - +0 scale mail
rPois   ∞            t - +1 helmet
rElec   +            (no cloak)
rCorr   .            (no gloves)
SInv    .            (no boots)
Will    +....        (no amulet) Stlth
                     e - ring of willpower
HPRegen 0.27/turn    s - ring of protection from cold
MPRegen 0.10/turn

%: no passive effects
@: no status effects
A: sickness immunity, AC +4, negative energy resistance 1, electricity
resistance, torment resistance 1, petrification resistance
a: Renounce Religion, Heroism


You were on level 5 of the Dungeon.
You worshipped Okawaru.
Okawaru was aware of your devotion.
You visited 2 branches of the dungeon, and saw 6 of its levels.

You collected 277 gold pieces.

Inventory:

Hand Weapons
 a - a +0 flail (weapon)
Missiles
 f - 2 curare-tipped darts
 g - 8 poisoned darts
Armour
 b - a +0 scale mail (worn)
 c - a +0 buckler (worn)
 t - a +1 helmet (worn)
Jewellery
 e - a ring of willpower (left hand)
 s - a ring of protection from cold (right hand)
Wands
 x - a wand of paralysis (5)
Scrolls
 l - a scroll of vulnerability {unknown}
 m - a scroll of teleportation
Potions
 d - a potion of might
 h - a potion of magic
 i - a potion of mutation {unknown}
 j - 3 potions of haste
 k - a potion of curing {unknown}
 n - a potion of ambrosia
 o - a potion of enlightenment


   Skills:
 + Level 5.4 Fighting
 + Level 4.3 Maces & Flails
 + Level 5.4 Armour
 + Level 5.3 Shields


You had 6 spell levels left.
You didn't know any spells.
Your spell library contained the following spells:

 Spells                   Type           Power      Damage    Failure   Level
 Magic Dart               Conj           0%         1d3       77%         1
 Necrotise                Necr           0%         1d4       77%         1
 Shock                    Conj/Air       0%         1d3       77%         1
 Blink                    Tloc           0%         N/A       88%         2
 Lesser Beckoning         Tloc           0%         N/A       88%         2
 Momentum Strike          Conj/Tloc      0%         3d8       88%         2
 Searing Ray              Conj           0%         2d4       88%         2
 Gell's Gravitas          Tloc           0%         N/A       98%         3
 Swiftness                Air            0%         N/A       98%         3
 Teleport Other           Tloc           0%         N/A       98%         3
 Vampiric Draining        Necr           0%         2d6       98%         3
 Airstrike                Air            0%         2d(0-16)  100%        4
 Fulminant Prism          Conj/Hex       0%         3d5       100%        4
 Agony                    Necr           0%         N/A       100%        5


Dungeon Overview and Level Annotations

Branches:
Dungeon (5/15)             Temple (1/1) D:4

Altars:
Hepliaklqana
Kikubaaqudgha
Makhleb
Nemelex Xobeh
Okawaru
Qazlal
Ru
Sif Muna
Uskayaw
Vehumet
Xom


Innate Abilities, Weirdness & Mutations

You are immune to sickness and miasma.
Your stone body is resilient. (AC +4)
You are immune to poison.
You resist negative energy. (rN+)
You are resistant to electric shocks. (rElec)
You are resistant to unholy torment.
You are immune to petrification.


Message History

The killer bee stings you but does no damage.
You block the killer bee's attack.
You miss the killer bee.
The killer bee is heavily wounded.
You block the killer bee's attack. The killer bee closely misses you.
You miss the killer bee.
The killer bee is heavily wounded.
The killer bee closely misses you. x2; The killer bee stings you!
* * * LOW HITPOINT WARNING * * *
You closely miss the killer bee.
The killer bee is heavily wounded.
The killer bee stings you but does no damage.
The killer bee stings you.
* * * LOW HITPOINT WARNING * * *
You completely miss the killer bee.
The killer bee is heavily wounded.
The killer bee stings you but does no damage. x2
You block the killer bee's attack.
You miss the killer bee.
The killer bee is heavily wounded.
The killer bee stings you but does no damage. x2
You hit the killer bee.
The killer bee is severely wounded.
The killer bee closely misses you. x3
You sock the killer bee!
You kill the killer bee!
Okawaru accepts your kill. The killer bee barely misses you.
You closely miss the killer bee.
The killer bee stings you but does no damage.
The killer bee barely misses you.
You miss the killer bee. The killer bee stings you.
* * * LOW HITPOINT WARNING * * *
The killer bee stings you but does no damage. x2
You closely miss the killer bee. You block the killer bee's attack. x2
You completely miss the killer bee. The killer bee stings you.
* * * LOW HITPOINT WARNING * * *
The killer bee stings you but does no damage. x2
You miss the killer bee. The killer bee stings you.
You die...

#.).....########.##..##.##
#.......# .#.###.....#
##....### .#.#####.#.#
########....# y#...(....>#
.......#....# .###########
######.###+## y# #.# .#
#.#############.#
#..........@yy..#
#################


You could see 2 killer bees.

Vanquished Creatures
  2 ice beasts (D:5)
  2 killer bees (D:5)
  2 hounds (D:5)
  An orc priest (D:5)
  2 orc wizards (D:5)
  3 iguanas
  Robin (D:3)
  2 adders
  A shadow imp (D:5)
  An ufetubus (D:5)
  2 worms
  A dart slug (D:2)
  9 orcs
  7 ball pythons
  An endoplasm (D:4)
  4 giant cockroaches
  18 goblins
  11 hobgoblins
  3 jackals
  3 quokkas
  2 bats
  3 frilled lizards
  8 kobolds
  2 rats (D:1)
91 creatures vanquished.

Notes
Turn   | Place    | Note
-------+----------+-------------------------------------------
     0 | D:1      | Dittersdorf the Gargoyle Fighter began the quest for the
                  | Orb.
     0 | D:1      | Reached XP level 1. HP: 14/14 MP: 1/1
   100 | D:1      | Reached XP level 2. HP: 8/19 MP: 2/2
   557 | D:2      | Found a sparkling altar of Nemelex Xobeh.
   603 | D:2      | Reached XP level 3. HP: 24/24 MP: 3/3
  1030 | D:3      | Reached XP level 4. HP: 29/29 MP: 4/4
  1221 | D:3      | Noticed Robin
  1536 | D:3      | Killed Robin
  1561 | D:3      | Found a stormy altar of Qazlal.
  1813 | D:3      | Reached XP level 5. HP: 22/33 MP: 5/5
  1874 | D:4      | Found a shimmering altar of Xom.
  1988 | D:4      | Found a radiant altar of Vehumet.
  2147 | D:4      | Found a staircase to the Ecumenical Temple.
  2156 | Temple   | Entered the Ecumenical Temple
  2165 | Temple   | Became a worshipper of Warmaster Okawaru
  2515 | D:5      | Entered Level 5 of the Dungeon
  2680 | D:5      | Reached XP level 6. HP: 37/39 MP: 6/6
  2689 | D:5      | Noticed an ice beast
  2714 | D:5      | Killed an ice beast
  2745 | D:5      | Reached skill level 5 in Armour
  2975 | D:5      | Reached skill level 5 in Fighting
  3051 | D:5      | Reached skill level 5 in Shields
  3060 | D:5      | Reached XP level 7. HP: 4/44 MP: 7/7
  3289 | D:5      | Reached * piety under Okawaru
  3312 | D:5      | HP: 1/44 [killer bee (6)]
  3315 | D:5      | Slain by a killer bee

Illustrated notes

Levels and vault maps discovered:
D:1:      dpeg_arrival_brainrot, layout_rooms, kennysheep_nondescript
D:2:      layout_rooms, basic_altar, serial_glass, glass_columns_a,
          glass_columns_a
D:3:      layout_loops_ring, grunt_qazlal_clouds, serial_forest,
          infiniplex_forest_clump_diagonal, infiniplex_forest_clump_diagonal,
          infiniplex_forest_clump_small, infiniplex_forest_clump_C,
          infiniplex_forest_lined_2, infiniplex_forest_lined_corner,
          infiniplex_forest_lined_corner, uniq_robin
D:4:      layout_gridville, mainiacjoe_overflow_large_starburst,
          minmay_temple_entry_mini_moons, nicolae_twisty_statue_hallways
D:5:      layout_basic, mainiacjoe_overflow_six_doors_small, feat_on_display,
          uniq_ijyb
Temple:   compressed_dpeg_triangle_lava_temple

Skill      XL: |  1  2  3  4  5  6 |
---------------+-------------------+-----
Fighting       | 4 5 |  5.4
Armour         | 4 5 |  5.4
Shields        | 4 5 |  5.3
Maces & Flails | 3 4 |  4.3

Action                     |  1- 3 |  4- 6 |  7- 9 || total
---------------------------+-------+-------+-------++-------
  Melee: Flail             |   147 |   267 |    63 ||   477
    Use: Scroll            |       |    13 |       ||    13
 Armour: Scale mail        |    84 |   172 |    51 ||   307
  Dodge: Dodged            |    78 |   126 |    49 ||   253
  Block: Buckler           |    28 |    70 |    25 ||   123

Table legend: (Time is in decaauts)
 A = Elapsed time spent in this place.
 B = Non-inter-level travel time spent in this place.
 C = Inter-level travel time spent in this place.
 D = Time resting spent in this place.
 E = Time spent auto-exploring this place.
 F = Levels seen in this place.
 G = Mean time per level.
                   A        B        C        D        E       F      G
               +--------+--------+--------+--------+--------+-----+--------+
         Total |   3447 |   3294 |    153 |    476 |   1814 |   6 |  574.5 |
       Dungeon |   3428 |   3275 |    153 |    476 |   1811 |   5 |  685.6 |
        Temple |     18 |     18 |      0 |      0 |      3 |   1 |   18.0 |
               +--------+--------+--------+--------+--------+-----+--------+

Top non-repeatable levels by time:
     D:3: 941 daAuts
     D:5: 844 daAuts
     D:1: 604 daAuts
     D:4: 596 daAuts
     D:2: 442 daAuts
  Temple: 18 daAuts
